 Dungeon Crawl Stone Soup version 0.32-a0-163-g159c032296 (webtiles) character file.

Game seed: 4538172885952645163

2 Bravepunisher the Ducker (level 1, -3/11 HPs)
             Began as a Spriggan Monk on Feb 11, 2024.
             Killed from afar by an orc wizard (8 damage)
             ... with a magic dart
             ... on level 4 of the Dungeon.
             The game lasted 00:01:30 (310 turns).

Bravepunisher the Ducker (Spriggan Monk)             Turns: 310, Time: 00:01:31

Health: -3/11      AC:  2    Str:  7    XL:     1   Next: 33%
Magic:  2/2        EV: 19    Int: 11    God:
Gold:   5          SH:  0    Dex: 17    Spells: 0/0 levels left

rFire   . . .        a - +0 short sword
rCold   . . .        (no shield)
rNeg    . . .        b - +0 robe
rPois   .            (helmet restricted)
rElec   .            (no cloak)
rCorr   .            (gloves unavailable)
SInv    +            (boots unavailable)
Will    .....        (no amulet)
Stlth   ++           (no ring)
HPRegen 0.21/turn    (no ring)
MPRegen 0.08/turn

%: no passive effects
@: very quick
A: very small, no large weapons, unfitting armour, see invisible, speed 3
a: no special abilities


You were on level 4 of the Dungeon.
You visited 1 branch of the dungeon, and saw 4 of its levels.

You collected 5 gold pieces.

Inventory:

Hand Weapons
 a - a +0 short sword (weapon)
Armour
 b - a +0 robe (worn)
Potions
 c - a potion of ambrosia
 d - a potion of enlightenment {unknown}


   Skills:
 + Level 2.4 Fighting
 - Level 3.2 Short Blades
 * Level 4.2 Dodging


You couldn't memorise any spells.
You didn't know any spells.
Your spell library was empty.

Dungeon Overview and Level Annotations

Branches:
Dungeon (4/15)
 Temple: D:4-7

Altars:

Annotations:
D:3 Terence


Innate Abilities, Weirdness & Mutations

You are very small and have problems with some larger weapons.
You are too small for most types of armour.
You have supernaturally acute eyesight. (SInv)
You cover ground extremely quickly. (Speed+++)


Message History

You climb downwards.
Found 4 stones.
There is a stone staircase leading up here.
You see here 4 stones.
A bat comes into view.
Found a stone staircase leading up.
Found a book of Frost.
The helpless bat fails to defend itself.
You hit the bat.
You kill the bat!
There is a stone staircase leading up here.
Terence the Incautious comes into view.
He is wielding a +6 mace of draining.
You see here a book of Frost.
There is a stone staircase leading up here.
Found a stone staircase leading down.
There is a stone staircase leading down here.
You climb downwards.
There is a stone staircase leading up here.
A scorpion comes into view.
An adder comes into view.
The endoplasm quivers.
Found a scroll labelled JIEVVU DIENALIUNY.
Found 21 gold pieces.
An orc wizard comes into view. It is wielding a +0 dagger.
The orc wizard moves out of view.
The orc wizard gestures at you while chanting.
The puff of flame hits you!
Ouch! That really hurt!
* * * LOW HITPOINT WARNING * * *
An iguana comes into view.
The iguana hisses angrily.
A kobold comes into view. It is wielding a +0 short sword.
The kobold shouts!
Found a scroll labelled DILOCECA GOIT.
An ogre comes into view. It is wielding a +0 giant club.
The ogre shouts!
The orc wizard gestures at you while chanting.
The magic dart hits you!
Ouch! That really hurt!
You die...

...###.........
#......................
.#..........##....###...
...................#.###
#......................##
......................##
.................#...##
#...............#..##
#..O....@......o.##
..#....##...#....###
..........Kl..s..#
.................##
#.###.............#
#..............#
##...##.......?#
#....###.......## #....
#........#


You could see an ogre, an iguana, an orc wizard and a kobold.

Vanquished Creatures
  A ball python (D:1)
  A bat (D:3)
  A rat (D:2)
3 creatures vanquished.

Notes
Turn   | Place    | Note
-------+----------+-------------------------------------------
     0 | D:1      | Bravepunisher the Spriggan Monk began the quest for the
                  | Orb.
     0 | D:1      | Reached XP level 1. HP: 11/11 MP: 2/2
   194 | D:3      | Noticed an orc wizard
   216 | D:3      | Noticed Terence
   246 | D:4      | Noticed a scorpion
   265 | D:4      | Noticed an orc wizard
   286 | D:4      | Noticed an iguana
   305 | D:4      | Noticed an ogre
   310 | D:4      | Killed from afar by an orc wizard

Illustrated notes

Levels and vault maps discovered:
D:1:      nagdon_arrival_zigzag_paths, layout_basic, feat_on_display
D:2:      layout_loops_ring, uniq_natasha
D:3:      corexii_shack_village, layout_loops_ring, uniq_terence, uniq_robin
D:4:      layout_cave_pools, minmay_temple_entry_antechambers,
          kennysheep_big_empty_room, uniq_crazy_yiuf_cottage

Action                     || total
---------------------------++-------
  Melee: Short sword       ||     3
   Stab: Sleeping          ||     3
 Armour: Robe              ||     4

Table legend: (Time is in decaauts)
 A = Elapsed time spent in this place.
 B = Non-inter-level travel time spent in this place.
 C = Inter-level travel time spent in this place.
 D = Time resting spent in this place.
 E = Time spent auto-exploring this place.
 F = Levels seen in this place.
 G = Mean time per level.
                   A        B        C        D        E       F      G
               +--------+--------+--------+--------+--------+-----+--------+
         Total |    191 |    191 |      0 |      0 |     40 |   4 |   47.8 |
       Dungeon |    191 |    191 |      0 |      0 |     40 |   4 |   47.8 |
               +--------+--------+--------+--------+--------+-----+--------+

Top non-repeatable levels by time:
     D:2: 64 daAuts
     D:1: 56 daAuts
     D:4: 39 daAuts
     D:3: 31 daAuts
